Islanders vs Red Wings
Created - December 6, 2024 at 20:10
Goals
|
Islanders |
1 |
1 |
0 |
2 |
Red Wings |
1 |
3 |
1 |
5 |
|
Shots
|
Islanders |
12 |
10 |
8 |
30 |
Red Wings |
6 |
12 |
14 |
32 |
|
1st period
1. Islanders , Brock McGinn 11 (Vladimir Tarasenko 17, Brayden Schenn 15) at 8:29 (PP)
2. Red Wings , Connor Brown 11 (Brendan Lemieux 13, Dylan Larkin 12) at 16:30 (PP)
Penalties :
Tye McGinn (Det) for High sticking (Minor) at 3:18, Colton Parayko (Det) for Boarding (Minor) at 8:24, Brock McGinn (NyI) for Tripping (Minor) at 9:28, Brayden Schenn (NyI) for Roughing (Minor) at 16:15
2nd period
3. Red Wings , David Backes 7 (Hampus Lindholm 12, Charlie Coyle 15) at 0:20
4. Islanders , Brandon Sutter 10 (Nikita Zadorov 7) at 9:28
5. Red Wings , Brendan Lemieux 10 (Dylan Larkin 13, Roland McKeown 5) at 14:58
6. Red Wings , Colton Parayko 3 (Hampus Lindholm 13, Tye McGinn 3) at 18:48
Penalties :
No Penalty
3rd period
7. Red Wings , Philip Samuelsson 2 (Charlie Coyle 16, Danton Heinen 10) at 14:24
Penalties :
Vladimir Tarasenko (NyI) for Holding (Minor) at 4:54, Jason Akeson (NyI) for Interference (Minor) at 16:10
Goalie Stats
Joonas Korpisalo (NyI), 13 saves from 17 shots - (0.765), L, 1-4-0, 38:48 minutes
Tyler Weiman (NyI), 14 saves from 15 shots - (0.933), 21:12 minutes
Frederik Andersen (Det), 28 saves from 30 shots - (0.933), W, 4-3-0, 60:00 minutes
Players Stats for Islanders
Player Name G A P +/- PIM S H SB GA TA FO MP PP MP PK MP
------------------------------------------------------------------------------------
Brady Skjei 0 0 0 -1 0 1 1 1 0 0 0/0 12:03 0:00 0:00
Brandon Sutter 1 0 1 0 0 3 0 1 0 0 16/21 18:35 1:06 2:58
Brayden Schenn 0 1 1 -2 2 1 1 2 1 1 19/32 22:50 0:58 3:45
Brian Ferlin 0 0 0 0 0 0 1 0 0 0 0/0 8:13 0:00 0:00
Brock McGinn 1 0 1 -2 2 4 1 0 0 0 1/2 21:57 0:58 2:38
Dylan McIlrath 0 0 0 -1 0 0 0 1 0 0 0/0 20:29 0:49 2:33
Emerson Etem 0 0 0 -1 0 1 1 1 1 0 0/0 11:59 0:00 1:21
Gabriel Carlsson 0 0 0 -1 0 0 0 0 0 1 0/0 12:03 0:00 0:00
Garnet Hathaway 0 0 0 0 0 5 2 1 1 0 0/0 15:37 1:06 0:00
Jamie Arniel 0 0 0 0 0 0 2 0 0 1 1/2 8:56 0:00 0:29
Jason Akeson 0 0 0 -1 2 0 0 0 0 0 0/0 10:57 0:00 0:00
Kellan Lain 0 0 0 0 0 3 5 0 0 0 1/1 17:04 1:06 1:13
Michael Latta 0 0 0 -1 0 4 2 0 0 0 4/6 10:38 0:00 0:00
Nikita Zadorov 0 1 1 -1 0 2 3 1 1 0 0/0 27:28 1:15 3:39
Ryan Ellis 0 0 0 -1 0 2 2 1 1 2 0/0 27:28 1:15 3:39
Sergei Plotnikov 0 0 0 0 0 0 2 0 0 0 1/1 8:13 0:00 0:00
Vladimir Tarasenko 0 1 1 -2 2 3 1 0 1 1 0/0 18:45 0:58 0:00
Yann Sauvé 0 0 0 -1 0 1 1 0 0 0 0/0 20:29 0:49 2:33
Players Stats for Red Wings
Player Name G A P +/- PIM S H SB GA TA FO MP PP MP PK MP
------------------------------------------------------------------------------------
Brendan Lemieux 1 1 2 1 0 7 3 1 1 0 1/2 20:24 3:33 0:13
Carson Mcmillan 0 0 0 0 0 2 2 2 0 0 0/0 10:11 0:00 1:10
Charlie Coyle 0 2 2 2 0 1 1 1 0 0 8/29 18:36 2:36 0:09
Colton Parayko 1 0 1 2 2 1 3 2 0 0 0/0 25:53 4:01 0:47
Connor Brown 1 0 1 1 0 3 2 0 1 0 1/1 20:01 3:31 0:00
Danton Heinen 0 1 1 2 0 0 0 0 0 0 1/2 18:27 2:36 0:00
David Backes 1 0 1 2 0 4 2 0 0 1 0/1 18:27 2:36 0:00
Drew Fata 0 0 0 1 0 0 1 2 0 1 0/0 16:58 0:00 0:47
Dylan Larkin 0 2 2 1 0 2 2 0 2 1 6/19 20:01 3:31 0:00
Hampus Lindholm 0 2 2 2 0 4 1 1 1 2 0/0 24:52 4:01 0:00
Jake Virtanen 0 0 0 0 0 3 0 0 0 0 1/1 12:17 2:11 0:00
Lucas Lessio 0 0 0 0 0 0 0 0 1 1 0/0 9:50 0:00 0:41
Marco Scandella 0 0 0 0 0 0 1 0 0 0 0/0 15:59 0:00 1:17
Max Reinhart 0 0 0 0 0 1 0 1 0 0 1/1 10:07 0:05 0:45
Philip Samuelsson 1 0 1 0 0 1 0 0 0 0 0/0 16:53 2:11 0:00
Roland McKeown 0 1 1 1 0 1 0 2 0 0 0/0 17:13 0:00 1:17
T.J. Hensick 0 0 0 0 0 0 0 0 0 0 3/8 11:16 0:00 1:10
Tye McGinn 0 1 1 0 2 2 2 0 0 0 0/1 10:29 0:08 0:00
3 Stars
1 - Brendan Lemieux (Det)
2 - David Backes (Det)
3 - Hampus Lindholm (Det)
Power Play
Islanders - 1 on 2 Attempt(s) - 50.00%
Red Wings - 1 on 4 Attempt(s) - 25.00%
Penalty Kill
Islanders - 3 on 4 Attempt(s) - 75.00%
- Score 0 goal in Penalty Kill
Red Wings - 1 on 2 Attempt(s) - 50.00%
- Score 0 goal in Penalty Kill
Team Stat
Islanders - Hits : 25 - Faceoff Wins : 43 - Blocked Shots : 9 - Penalty Minutes : 8
Red Wings - Hits : 20 - Faceoff Wins : 22 - Blocked Shots : 12 - Penalty Minutes : 4
Official
Referees : TJ Luxmore and Michael Markovic
Linesman : Bevan Mills and David Brisebois
Game Notes
Tyler Weiman enters game at 18:48 of 2nd period
Finance
Level 1 -- Attendance: 5890 (98.17%) -- Ticket Income $589,000
Level 2 -- Attendance: 4818 (96.36%) -- Ticket Income $337,260
Level 3 -- Attendance: 1857 (92.85%) -- Ticket Income $74,280
Level 4 -- Attendance: 3787 (94.68%) -- Ticket Income $113,610
Luxury Box -- Attendance: 1000 (100.00%) -- Ticket Income $200,000
Game was played at the Little Caesars arena.
Total Attendance: 17352 (96.40%)
Total Ticket Income: $1,314,150
Other Income: $197,122
Total Income: $1,511,272
Islanders
5 vs 5 Forward
Center Left Wing Right Wing Time % Phy DF OF
1 Brayden Schenn Brock McGinn Vladimir Tarasenko 40 1 2 2
2 Brandon Sutter Kellan Lain Garnet Hathaway 30 1 2 2
3 Michael Latta Emerson Etem Jason Akeson 20 1 2 2
4 Jamie Arniel Sergei Plotnikov Brian Ferlin 10 1 2 2
5 vs 5 Defense
Defense Defense Time % Phy DF OF
1 Ryan Ellis Nikita Zadorov 40 1 2 2
2 Yann Sauvé Dylan McIlrath 30 1 2 2
3 Brady Skjei Gabriel Carlsson 20 1 2 2
4 Ryan Ellis Nikita Zadorov 10 1 2 2
PowerPlay Forward
Center Left Wing Right Wing Time % Phy DF OF
1 Brayden Schenn Brock McGinn Vladimir Tarasenko 60 1 2 2
2 Brandon Sutter Kellan Lain Garnet Hathaway 40 1 2 2
PowerPlay Defense
Defense Defense Time % Phy DF OF
1 Ryan Ellis Nikita Zadorov 60 1 2 2
2 Yann Sauvé Dylan McIlrath 40 1 2 2
Penalty Kill 4 Players Forward
Center Wing Time % Phy DF OF
1 Brayden Schenn Brock McGinn 60 1 2 2
2 Brandon Sutter Kellan Lain 40 1 2 2
Penalty Kill 4 Players Defense
Defense Defense Time % Phy DF OF
1 Ryan Ellis Nikita Zadorov 60 1 2 2
2 Yann Sauvé Dylan McIlrath 40 1 2 2
Penalty Kill - 3 Players Forward
Forward Time % Phy DF OF
1 Brayden Schenn 60 1 2 2
2 Brandon Sutter 40 1 2 2
Penalty Kill - 3 Players Defense
Defense Defense Time % Phy DF OF
1 Ryan Ellis Nikita Zadorov 60 1 2 2
2 Yann Sauvé Dylan McIlrath 40 1 2 2
4 vs 4 Forward
Center Wing Time % Phy DF OF
1 Brayden Schenn Brock McGinn 60 1 2 2
2 Brandon Sutter Kellan Lain 40 1 2 2
4 vs 4 Defense
Defense Defense Time % Phy DF OF
1 Ryan Ellis Nikita Zadorov 60 1 2 2
2 Yann Sauvé Dylan McIlrath 40 1 2 2
Last Minutes Offensive
Center Left Wing Right Wing Defense Defense
Brayden Schenn Brock McGinn Vladimir Tarasenko Ryan Ellis Nikita Zadorov
Last Minutes Defensive
Center Left Wing Right Wing Defense Defense
Brayden Schenn Brock McGinn Vladimir Tarasenko Ryan Ellis Nikita Zadorov
Goaltenders
Starting : Joonas Korpisalo
Backup : Tyler Weiman
Extra Forwards
Normal : Brandon Sutter, Michael Latta, Garnet Hathaway - PP : Brandon Sutter, Michael Latta - PK : Brandon Sutter
Extra Defensemen
Normal : Dylan McIlrath, Brady Skjei, Gabriel Carlsson - PP : Dylan McIlrath - PK : Dylan McIlrath, Brady Skjei
Penalty Shots
Vladimir Tarasenko, Brayden Schenn, Brock McGinn, Kellan Lain, Brandon Sutter
Custom OT Lines Forwards
Vladimir Tarasenko, Brayden Schenn, Brock McGinn, Kellan Lain, Brandon Sutter, Michael Latta, Garnet Hathaway, Jason Akeson, Emerson Etem, Jamie Arniel
Custom OT Lines Defensemen
Ryan Ellis, Nikita Zadorov, Yann Sauvé, Brady Skjei, Dylan McIlrath
Scratches
Jordan Greenway (Healthy)
Red Wings
5 vs 5 Forward
Center Left Wing Right Wing Time % Phy DF OF
1 Dylan Larkin Brendan Lemieux Connor Brown 35 1 2 2
2 Charlie Coyle Danton Heinen David Backes 35 1 2 2
3 T.J. Hensick Tye McGinn Jake Virtanen 20 1 2 2
4 Max Reinhart Lucas Lessio Carson Mcmillan 10 1 2 2
5 vs 5 Defense
Defense Defense Time % Phy DF OF
1 Hampus Lindholm Colton Parayko 40 1 2 2
2 Marco Scandella Philip Samuelsson 30 1 2 2
3 Drew Fata Roland McKeown 20 1 2 2
4 Drew Fata Roland McKeown 10 1 2 2
PowerPlay Forward
Center Left Wing Right Wing Time % Phy DF OF
1 Dylan Larkin Brendan Lemieux Connor Brown 60 1 2 2
2 Charlie Coyle Danton Heinen David Backes 40 1 2 2
PowerPlay Defense
Defense Defense Time % Phy DF OF
1 Hampus Lindholm Colton Parayko 60 1 2 2
2 Philip Samuelsson Jake Virtanen 40 1 2 2
Penalty Kill 4 Players Forward
Center Wing Time % Phy DF OF
1 T.J. Hensick Carson Mcmillan 60 1 2 2
2 Max Reinhart Tye McGinn 40 1 2 2
Penalty Kill 4 Players Defense
Defense Defense Time % Phy DF OF
1 Marco Scandella Roland McKeown 60 1 2 2
2 Colton Parayko Drew Fata 40 1 2 2
Penalty Kill - 3 Players Forward
Forward Time % Phy DF OF
1 Carson Mcmillan 60 1 2 2
2 Max Reinhart 40 1 2 2
Penalty Kill - 3 Players Defense
Defense Defense Time % Phy DF OF
1 Marco Scandella Roland McKeown 60 1 2 2
2 Drew Fata Colton Parayko 40 1 2 2
4 vs 4 Forward
Center Wing Time % Phy DF OF
1 Dylan Larkin Connor Brown 60 1 2 2
2 Charlie Coyle Brendan Lemieux 40 1 2 2
4 vs 4 Defense
Defense Defense Time % Phy DF OF
1 Hampus Lindholm Philip Samuelsson 60 1 2 2
2 Colton Parayko Marco Scandella 40 1 2 2
Last Minutes Offensive
Center Left Wing Right Wing Defense Defense
Dylan Larkin Brendan Lemieux Connor Brown Hampus Lindholm Philip Samuelsson
Last Minutes Defensive
Center Left Wing Right Wing Defense Defense
T.J. Hensick Tye McGinn Carson Mcmillan Colton Parayko Roland McKeown
Goaltenders
Starting : Frederik Andersen
Backup : Alexandar Georgiev
Extra Forwards
Normal : David Backes, T.J. Hensick, Tye McGinn - PP : Tye McGinn, Max Reinhart - PK : Lucas Lessio
Extra Defensemen
Normal : Roland McKeown, Philip Samuelsson, Marco Scandella - PP : Marco Scandella - PK : Philip Samuelsson, Hampus Lindholm
Penalty Shots
Dylan Larkin, Carson Mcmillan, Charlie Coyle, Max Reinhart, Connor Brown
Custom OT Lines Forwards
Dylan Larkin, Connor Brown, Brendan Lemieux, Charlie Coyle, Danton Heinen, David Backes, Jake Virtanen, Carson Mcmillan, Max Reinhart, T.J. Hensick
Custom OT Lines Defensemen
Hampus Lindholm, Philip Samuelsson, Colton Parayko, Roland McKeown, Marco Scandella
Scratches
Brendan Woods (Healthy), Martin Marincin (Healthy)
% Time on Ice - Islanders
Lines # - Real PCT - Wanted PCT - Time Play
Normal Forward
1 - 36% - 40% - 18:22
2 - 28% - 30% - 14:31
3 - 21% - 20% - 10:38
4 - 16% - 10% - 8:13
Normal Defense
1 - 39% - 40% - 20:25
2 - 33% - 30% - 17:07
3 - 23% - 20% - 12:03
4 - 4% - 10% - 2:09
PP Forward
1 - 47% - 60% - 0:58
2 - 53% - 40% - 1:06
PP Defense
1 - 60% - 60% - 1:15
2 - 40% - 40% - 0:49
PK Forward
1 - 83% - 60% - 5:08
2 - 17% - 40% - 1:04
PK Defense
1 - 59% - 60% - 3:39
2 - 41% - 40% - 2:33
PK3 Forward
1 - 0% - 60%
2 - 0% - 40%
PK3 Defense
1 - 0% - 60%
2 - 0% - 40%
44 Forward
1 - 0% - 60%
2 - 0% - 40%
44 Defense
1 - 0% - 60%
2 - 0% - 40%
Last Minute Offensive - 0:00
Last Minute Defensive - 0:00
Total
Forward - 60:00
Defense - 60:00
|
% Time on Ice - Red Wings
Lines # - Real PCT - Wanted PCT - Time Play
Normal Forward
1 - 32% - 35% - 16:38
2 - 31% - 35% - 15:59
3 - 20% - 20% - 10:06
4 - 17% - 10% - 9:01
Normal Defense
1 - 40% - 40% - 20:51
2 - 30% - 30% - 15:31
3 - 20% - 20% - 10:33
4 - 9% - 10% - 4:49
PP Forward
1 - 58% - 60% - 3:36
2 - 42% - 40% - 2:36
PP Defense
1 - 65% - 60% - 4:01
2 - 35% - 40% - 2:11
PK Forward
1 - 64% - 60% - 1:19
2 - 36% - 40% - 0:45
PK Defense
1 - 62% - 60% - 1:17
2 - 38% - 40% - 0:47
PK3 Forward
1 - 0% - 60%
2 - 0% - 40%
PK3 Defense
1 - 0% - 60%
2 - 0% - 40%
44 Forward
1 - 0% - 60%
2 - 0% - 40%
44 Defense
1 - 0% - 60%
2 - 0% - 40%
Last Minute Offensive - 0:00
Last Minute Defensive - 0:00
Total
Forward - 60:00
Defense - 60:00
|
Play-by-Play
1st period
0:01 of 1st period - Brayden Schenn wins face-off versus Dylan Larkin in neutral zone.
0:04 of 1st period - Dylan Larkin is hit by Ryan Ellis and loses puck.
0:17 of 1st period - Snap shot by Vladimir Tarasenko.
0:17 of 1st period - Deflect By Brayden Schenn.
0:17 of 1st period - Stopped by Frederik Andersen with a rebound.
0:34 of 1st period - Off-side.
0:35 of 1st period - Michael Latta wins face-off versus T.J. Hensick in neutral zone.
0:46 of 1st period - Snap shot by Tye McGinn.
0:46 of 1st period - Shot Misses the Net.
1:21 of 1st period - Slapshot by Vladimir Tarasenko.
1:21 of 1st period - Shot Blocked by Carson Mcmillan.
1:23 of 1st period - Snap shot by Brock McGinn.
1:23 of 1st period - Shot Misses the Net.
1:39 of 1st period - Dylan McIlrath is hit by Dylan Larkin and loses puck.
2:23 of 1st period - Brendan Lemieux is hit by Brock McGinn and loses puck.
2:40 of 1st period - Snap shot by Vladimir Tarasenko.
2:40 of 1st period - Stopped by Frederik Andersen without a rebound.
2:41 of 1st period - Brandon Sutter wins face-off versus Danton Heinen in Red Wings zone.
2:52 of 1st period - Snap shot by Kellan Lain.
2:52 of 1st period - Stopped by Frederik Andersen with a rebound.
2:54 of 1st period - Slapshot by Brady Skjei.
2:54 of 1st period - Shot Blocked by Colton Parayko.
2:56 of 1st period - Slapshot by Brady Skjei.
2:56 of 1st period - Stopped by Frederik Andersen without a rebound.
2:57 of 1st period - Michael Latta wins face-off versus T.J. Hensick in Red Wings zone.
3:00 of 1st period - Snap shot by Emerson Etem.
3:00 of 1st period - Stopped by Frederik Andersen with a rebound.
3:18 of 1st period - Minor Penalty to Tye McGinn for High sticking.
3:19 of 1st period - T.J. Hensick wins face-off versus Brandon Sutter in Red Wings zone.
4:27 of 1st period - Ryan Ellis is hit by Colton Parayko and loses puck.
5:02 of 1st period - Kellan Lain is hit by Colton Parayko and loses puck.
5:18 of 1st period - Penalty to Tye McGinn is over, Tye McGinn is back on ice.
5:55 of 1st period - Snap shot by Connor Brown.
5:55 of 1st period - Shot Misses the Net.
5:57 of 1st period - Wrist shot by Connor Brown.
5:57 of 1st period - Shot Misses the Net.
6:25 of 1st period - Kellan Lain is hit by Marco Scandella and loses puck.
6:51 of 1st period - Carson Mcmillan is hit by Michael Latta and loses puck.
7:06 of 1st period - Tye McGinn is hit by Jamie Arniel and loses puck.
7:18 of 1st period - Icing by Nikita Zadorov.
7:19 of 1st period - Danton Heinen wins face-off versus Brayden Schenn in Islanders zone.
7:22 of 1st period - Slapshot by Hampus Lindholm.
7:22 of 1st period - Stopped by Joonas Korpisalo with a rebound.
7:24 of 1st period - Wrist shot by Charlie Coyle.
7:24 of 1st period - Shot Misses the Net.
7:46 of 1st period - Snap shot by Vladimir Tarasenko.
7:46 of 1st period - Stopped by Frederik Andersen with a rebound.
7:48 of 1st period - Snap shot by Michael Latta.
7:48 of 1st period - Stopped by Frederik Andersen without a rebound.
7:49 of 1st period - Michael Latta wins face-off versus Brendan Lemieux in Red Wings zone.
8:24 of 1st period - Minor Penalty to Colton Parayko for Boarding.
8:25 of 1st period - Brayden Schenn wins face-off versus T.J. Hensick in Red Wings zone.
8:29 of 1st period - Snap shot by Brock McGinn.
8:29 of 1st period - Goal by Brock McGinn - Islanders : 1 - Red Wings : 0.
8:30 of 1st period - Brandon Sutter wins face-off versus Charlie Coyle in neutral zone.
9:26 of 1st period - Snap shot by Dylan Larkin.
9:26 of 1st period - Stopped by Joonas Korpisalo with a rebound.
9:28 of 1st period - Minor Penalty to Brock McGinn for Tripping.
9:29 of 1st period - Dylan Larkin wins face-off versus Brayden Schenn in Islanders zone.
9:38 of 1st period - Snap shot by Connor Brown.
9:38 of 1st period - Shot Blocked by Brayden Schenn.
9:40 of 1st period - Wrist shot by Brendan Lemieux.
9:40 of 1st period - Stopped by Joonas Korpisalo with a rebound.
9:42 of 1st period - Slapshot by Hampus Lindholm.
9:42 of 1st period - Deflect By Connor Brown.
9:42 of 1st period - Deflect By Nikita Zadorov.
9:42 of 1st period - Shot Misses the Net.
9:42 of 1st period - Puck is out of play.
9:43 of 1st period - Dylan Larkin wins face-off versus Brayden Schenn in Islanders zone.
10:16 of 1st period - Snap shot by Connor Brown.
10:16 of 1st period - Deflect By Brayden Schenn.
10:16 of 1st period - Shot Misses the Net.
10:16 of 1st period - Puck is out of play.
10:17 of 1st period - Brayden Schenn wins face-off versus Charlie Coyle in Islanders zone.
10:34 of 1st period - Wrist shot by Charlie Coyle.
10:34 of 1st period - Shot Blocked by Brayden Schenn.
11:28 of 1st period - Penalty to Brock McGinn is over, Brock McGinn is back on ice.
11:28 of 1st period - Charlie Coyle is hit by Nikita Zadorov and loses puck.
13:02 of 1st period - Jake Virtanen is hit by Brian Ferlin and loses puck.
13:35 of 1st period - Slapshot by Brock McGinn.
13:35 of 1st period - Shot Misses the Net.
14:10 of 1st period - Wrist shot by Michael Latta.
14:10 of 1st period - Stopped by Frederik Andersen without a rebound.
14:11 of 1st period - Jake Virtanen wins face-off versus Brayden Schenn in Red Wings zone.
14:26 of 1st period - Slapshot by Brock McGinn.
14:26 of 1st period - Stopped by Frederik Andersen without a rebound.
14:27 of 1st period - Charlie Coyle wins face-off versus Brandon Sutter in Red Wings zone.
14:54 of 1st period - Icing by Brock McGinn.
14:55 of 1st period - Brayden Schenn wins face-off versus Dylan Larkin in Islanders zone.
15:04 of 1st period - Wrist shot by Brendan Lemieux.
15:04 of 1st period - Stopped by Joonas Korpisalo without a rebound.
15:05 of 1st period - Brandon Sutter wins face-off versus Charlie Coyle in Islanders zone.
15:10 of 1st period - Philip Samuelsson is hit by Kellan Lain and loses puck.
15:15 of 1st period - Snap shot by Garnet Hathaway.
15:15 of 1st period - Stopped by Frederik Andersen with a rebound.
15:17 of 1st period - Snap shot by Nikita Zadorov.
15:17 of 1st period - Deflect By Kellan Lain.
15:17 of 1st period - Shot Blocked by Charlie Coyle.
15:17 of 1st period - Puck is out of play.
15:18 of 1st period - Brayden Schenn wins face-off versus Charlie Coyle in Red Wings zone.
15:45 of 1st period - Connor Brown is hit by Nikita Zadorov and loses puck.
16:10 of 1st period - Slapshot by Dylan Larkin.
16:10 of 1st period - Shot Misses the Net.
16:12 of 1st period - Snap shot by Dylan Larkin.
16:12 of 1st period - Stopped by Joonas Korpisalo without a rebound.
16:13 of 1st period - Brayden Schenn wins face-off versus David Backes in Islanders zone.
16:15 of 1st period - Minor Penalty to Brayden Schenn for Roughing.
16:16 of 1st period - Brandon Sutter wins face-off versus Dylan Larkin in Islanders zone.
16:26 of 1st period - Wrist shot by Brendan Lemieux.
16:26 of 1st period - Shot Blocked by Brandon Sutter.
16:30 of 1st period - Snap shot by Connor Brown.
16:30 of 1st period - Goal by Connor Brown - Islanders : 1 - Red Wings : 1.
16:31 of 1st period - Charlie Coyle wins face-off versus Brayden Schenn in neutral zone.
17:21 of 1st period - Slapshot by Hampus Lindholm.
17:21 of 1st period - Deflect By Jake Virtanen.
17:21 of 1st period - Shot Misses the Net.
17:21 of 1st period - Puck is out of play.
17:22 of 1st period - T.J. Hensick wins face-off versus Michael Latta in Islanders zone.
18:14 of 1st period - Yann Sauvé is hit by Connor Brown.
18:20 of 1st period - Marco Scandella is hit by Yann Sauvé and loses puck.
18:57 of 1st period - Wrist shot by T.J. Hensick.
18:57 of 1st period - Shot Misses the Net.
19:29 of 1st period - Danton Heinen is hit by Brady Skjei and loses puck.
19:38 of 1st period - Philip Samuelsson is hit by Garnet Hathaway.
19:39 of 1st period - Icing by Philip Samuelsson.
19:40 of 1st period - Charlie Coyle wins face-off versus Brayden Schenn in Red Wings zone.
19:51 of 1st period - Wrist shot by Vladimir Tarasenko.
19:51 of 1st period - Stopped by Frederik Andersen without a rebound.
19:52 of 1st period - Brayden Schenn wins face-off versus Dylan Larkin in Red Wings zone.
Goals for this period are 1 for Islanders vs 1 for Red Wings.
Shots for this period are 12 for Islanders vs 6 for Red Wings.
2nd period
0:01 of 2nd period - Brayden Schenn wins face-off versus Charlie Coyle in neutral zone.
0:04 of 2nd period - Slapshot by Nikita Zadorov.
0:04 of 2nd period - Stopped by Frederik Andersen without a rebound.
0:05 of 2nd period - Charlie Coyle wins face-off versus Brayden Schenn in Red Wings zone.
0:18 of 2nd period - Wrist shot by Hampus Lindholm.
0:18 of 2nd period - Stopped by Joonas Korpisalo with a rebound.
0:20 of 2nd period - Slapshot by Hampus Lindholm.
0:20 of 2nd period - Deflect By David Backes.
0:20 of 2nd period - Goal by David Backes - Islanders : 1 - Red Wings : 2.
0:21 of 2nd period - Brandon Sutter wins face-off versus Dylan Larkin in neutral zone.
0:48 of 2nd period - Nikita Zadorov is hit by David Backes and loses puck.
1:17 of 2nd period - Snap shot by Michael Latta.
1:17 of 2nd period - Stopped by Frederik Andersen with a rebound.
1:43 of 2nd period - Max Reinhart is hit by Jamie Arniel and loses puck.
2:02 of 2nd period - Slapshot by Connor Brown.
2:02 of 2nd period - Shot Misses the Net.
2:04 of 2nd period - Slapshot by Brendan Lemieux.
2:04 of 2nd period - Deflect By Ryan Ellis.
2:04 of 2nd period - Stopped by Joonas Korpisalo without a rebound.
2:05 of 2nd period - Brayden Schenn wins face-off versus Charlie Coyle in Islanders zone.
2:22 of 2nd period - Slapshot by Charlie Coyle.
2:22 of 2nd period - Stopped by Joonas Korpisalo without a rebound.
2:23 of 2nd period - Brandon Sutter wins face-off versus Dylan Larkin in Islanders zone.
2:48 of 2nd period - Brayden Schenn is hit by Drew Fata and loses puck.
3:08 of 2nd period - Icing by Brock McGinn.
3:09 of 2nd period - T.J. Hensick wins face-off versus Brayden Schenn in Islanders zone.
3:26 of 2nd period - Snap shot by Connor Brown.
3:26 of 2nd period - Stopped by Joonas Korpisalo without a rebound.
3:27 of 2nd period - Brandon Sutter wins face-off versus Charlie Coyle in Islanders zone.
3:52 of 2nd period - Yann Sauvé is hit by Brendan Lemieux and loses puck.
4:01 of 2nd period - Snap shot by Dylan Larkin.
4:01 of 2nd period - Shot Misses the Net.
4:03 of 2nd period - Slapshot by Roland McKeown.
4:03 of 2nd period - Stopped by Joonas Korpisalo without a rebound.
4:04 of 2nd period - Brayden Schenn wins face-off versus Charlie Coyle in Islanders zone.
4:17 of 2nd period - Off-side.
4:18 of 2nd period - Brandon Sutter wins face-off versus Dylan Larkin in neutral zone.
4:20 of 2nd period - Off-side.
4:21 of 2nd period - Brandon Sutter wins face-off versus Dylan Larkin in neutral zone.
4:32 of 2nd period - Brendan Lemieux is hit by Kellan Lain and loses puck.
4:59 of 2nd period - Snap shot by Danton Heinen.
4:59 of 2nd period - Shot Misses the Net.
5:37 of 2nd period - Slapshot by Yann Sauvé.
5:37 of 2nd period - Deflect By Michael Latta.
5:37 of 2nd period - Shot Misses the Net.
5:37 of 2nd period - Puck is out of play.
5:38 of 2nd period - Brendan Lemieux wins face-off versus Michael Latta in Red Wings zone.
5:51 of 2nd period - Jason Akeson is hit by Brendan Lemieux and loses puck.
6:04 of 2nd period - Colton Parayko is hit by Vladimir Tarasenko and loses puck.
6:15 of 2nd period - Snap shot by Vladimir Tarasenko.
6:15 of 2nd period - Shot Blocked by Colton Parayko.
6:31 of 2nd period - Colton Parayko is hit by Kellan Lain and loses puck.
6:48 of 2nd period - Icing by Roland McKeown.
6:49 of 2nd period - Max Reinhart wins face-off versus Jamie Arniel in Red Wings zone.
7:20 of 2nd period - Wrist shot by Carson Mcmillan.
7:20 of 2nd period - Stopped by Joonas Korpisalo without a rebound.
7:21 of 2nd period - Dylan Larkin wins face-off versus Brock McGinn in Islanders zone.
7:48 of 2nd period - Hampus Lindholm is hit by Nikita Zadorov and loses puck.
8:01 of 2nd period - Dylan Larkin is hit by Michael Latta and loses puck.
9:28 of 2nd period - Slapshot by Brandon Sutter.
9:28 of 2nd period - Goal by Brandon Sutter - Islanders : 2 - Red Wings : 2.
9:29 of 2nd period - Connor Brown wins face-off versus Brayden Schenn in neutral zone.
9:32 of 2nd period - Nikita Zadorov is hit by Connor Brown and loses puck.
10:17 of 2nd period - Jake Virtanen is hit by Emerson Etem and loses puck.
10:26 of 2nd period - Gabriel Carlsson is hit by Tye McGinn and loses puck.
10:41 of 2nd period - Brock McGinn is hit by Brendan Lemieux and loses puck.
11:20 of 2nd period - Snap shot by Brandon Sutter.
11:20 of 2nd period - Shot Blocked by Hampus Lindholm.
11:49 of 2nd period - Wrist shot by Carson Mcmillan.
11:49 of 2nd period - Shot Misses the Net.
11:51 of 2nd period - Slapshot by Hampus Lindholm.
11:51 of 2nd period - Shot Hit the Post.
12:48 of 2nd period - Slapshot by Vladimir Tarasenko.
12:48 of 2nd period - Shot Misses the Net.
12:50 of 2nd period - Snap shot by Brock McGinn.
12:50 of 2nd period - Shot Blocked by Max Reinhart.
13:23 of 2nd period - Wrist shot by Max Reinhart.
13:23 of 2nd period - Stopped by Joonas Korpisalo with a rebound.
13:37 of 2nd period - Slapshot by Hampus Lindholm.
13:37 of 2nd period - Deflect By Vladimir Tarasenko.
13:37 of 2nd period - Stopped by Joonas Korpisalo without a rebound.
13:38 of 2nd period - Dylan Larkin wins face-off versus Brandon Sutter in Islanders zone.
13:55 of 2nd period - Wrist shot by Dylan Larkin.
13:55 of 2nd period - Shot Misses the Net.
14:58 of 2nd period - Wrist shot by Brendan Lemieux.
14:58 of 2nd period - Goal by Brendan Lemieux - Islanders : 2 - Red Wings : 3.
14:59 of 2nd period - Brandon Sutter wins face-off versus Charlie Coyle in neutral zone.
15:02 of 2nd period - Slapshot by Nikita Zadorov.
15:02 of 2nd period - Stopped by Frederik Andersen without a rebound.
15:03 of 2nd period - Brandon Sutter wins face-off versus Charlie Coyle in Red Wings zone.
15:08 of 2nd period - Snap shot by Kellan Lain.
15:08 of 2nd period - Stopped by Frederik Andersen with a rebound.
15:10 of 2nd period - Wrist shot by Garnet Hathaway.
15:10 of 2nd period - Stopped by Frederik Andersen with a rebound.
15:12 of 2nd period - Wrist shot by Kellan Lain.
15:12 of 2nd period - Shot Misses the Net.
15:14 of 2nd period - Snap shot by Garnet Hathaway.
15:14 of 2nd period - Stopped by Frederik Andersen without a rebound.
15:15 of 2nd period - Brandon Sutter wins face-off versus Dylan Larkin in Red Wings zone.
15:16 of 2nd period - Snap shot by Kellan Lain.
15:16 of 2nd period - Shot Blocked by Drew Fata.
15:22 of 2nd period - Snap shot by Garnet Hathaway.
15:22 of 2nd period - Stopped by Frederik Andersen with a rebound.
15:24 of 2nd period - Snap shot by Ryan Ellis.
15:24 of 2nd period - Stopped by Frederik Andersen with a rebound.
15:26 of 2nd period - Slapshot by Ryan Ellis.
15:26 of 2nd period - Shot Blocked by Roland McKeown.
15:28 of 2nd period - Wrist shot by Kellan Lain.
15:28 of 2nd period - Shot Blocked by Drew Fata.
15:30 of 2nd period - Wrist shot by Kellan Lain.
15:30 of 2nd period - Shot Blocked by Brendan Lemieux.
16:41 of 2nd period - Off-side.
16:42 of 2nd period - Brayden Schenn wins face-off versus Charlie Coyle in neutral zone.
16:45 of 2nd period - Snap shot by Vladimir Tarasenko.
16:45 of 2nd period - Deflect By Brock McGinn.
16:45 of 2nd period - Stopped by Frederik Andersen with a rebound.
17:43 of 2nd period - Wrist shot by Dylan Larkin.
17:43 of 2nd period - Deflect By Brendan Lemieux.
17:43 of 2nd period - Shot Blocked by Dylan McIlrath.
17:43 of 2nd period - Puck is out of play.
17:44 of 2nd period - Brayden Schenn wins face-off versus Charlie Coyle in Islanders zone.
18:11 of 2nd period - Drew Fata is hit by Kellan Lain.
18:22 of 2nd period - Icing by Colton Parayko.
18:23 of 2nd period - Michael Latta wins face-off versus T.J. Hensick in Red Wings zone.
18:44 of 2nd period - Wrist shot by Tye McGinn.
18:44 of 2nd period - Shot Misses the Net.
18:46 of 2nd period - Slapshot by Hampus Lindholm.
18:46 of 2nd period - Shot Blocked by Emerson Etem.
18:48 of 2nd period - Slapshot by Colton Parayko.
18:48 of 2nd period - Goal by Colton Parayko - Islanders : 2 - Red Wings : 4.
18:48 of 2nd period - Tyler Weiman enters game.
18:49 of 2nd period - Brayden Schenn wins face-off versus Charlie Coyle in neutral zone.
19:03 of 2nd period - Ryan Ellis is hit by David Backes and loses puck.
19:39 of 2nd period - Off-side.
19:40 of 2nd period - Sergei Plotnikov wins face-off versus T.J. Hensick in neutral zone.
19:43 of 2nd period - Snap shot by Brian Ferlin.
19:43 of 2nd period - Shot Misses the Net.
19:59 of 2nd period - Wrist shot by Tye McGinn.
19:59 of 2nd period - Deflect By Dylan McIlrath.
19:59 of 2nd period - Stopped by Tyler Weiman without a rebound.
Goals for this period are 1 for Islanders vs 3 for Red Wings.
Shots for this period are 10 for Islanders vs 12 for Red Wings.
3rd period
0:01 of 3rd period - Brayden Schenn wins face-off versus Dylan Larkin in neutral zone.
0:50 of 3rd period - Icing by Brendan Lemieux.
0:51 of 3rd period - Charlie Coyle wins face-off versus Brandon Sutter in Red Wings zone.
0:56 of 3rd period - Slapshot by Roland McKeown.
0:56 of 3rd period - Shot Blocked by Garnet Hathaway.
1:02 of 3rd period - Wrist shot by David Backes.
1:02 of 3rd period - Stopped by Tyler Weiman with a rebound.
1:18 of 3rd period - Snap shot by T.J. Hensick.
1:18 of 3rd period - Shot Misses the Net.
1:20 of 3rd period - Snap shot by Tye McGinn.
1:20 of 3rd period - Shot Misses the Net.
1:22 of 3rd period - Wrist shot by Tye McGinn.
1:22 of 3rd period - Shot Misses the Net.
1:24 of 3rd period - Slapshot by Roland McKeown.
1:24 of 3rd period - Deflect By Jake Virtanen.
1:24 of 3rd period - Stopped by Tyler Weiman with a rebound.
1:26 of 3rd period - Snap shot by Tye McGinn.
1:26 of 3rd period - Stopped by Tyler Weiman with a rebound.
2:24 of 3rd period - Connor Brown is hit by Sergei Plotnikov and loses puck.
2:39 of 3rd period - Vladimir Tarasenko is hit by Tye McGinn and loses puck.
2:44 of 3rd period - Wrist shot by T.J. Hensick.
2:44 of 3rd period - Shot Blocked by Brady Skjei.
2:48 of 3rd period - Slapshot by T.J. Hensick.
2:48 of 3rd period - Shot Misses the Net.
3:20 of 3rd period - Snap shot by Kellan Lain.
3:20 of 3rd period - Deflect By Brandon Sutter.
3:20 of 3rd period - Stopped by Frederik Andersen without a rebound.
3:21 of 3rd period - Charlie Coyle wins face-off versus Brayden Schenn in Red Wings zone.
3:48 of 3rd period - Garnet Hathaway is hit by Hampus Lindholm.
4:18 of 3rd period - Slapshot by Hampus Lindholm.
4:18 of 3rd period - Stopped by Tyler Weiman with a rebound.
4:30 of 3rd period - Sergei Plotnikov is hit by Carson Mcmillan and loses puck.
4:37 of 3rd period - Roland McKeown is hit by Sergei Plotnikov and loses puck.
4:54 of 3rd period - Minor Penalty to Vladimir Tarasenko for Holding.
4:55 of 3rd period - Brayden Schenn wins face-off versus Dylan Larkin in Islanders zone.
6:52 of 3rd period - Snap shot by Brendan Lemieux.
6:52 of 3rd period - Stopped by Tyler Weiman without a rebound.
6:53 of 3rd period - Brayden Schenn wins face-off versus Tye McGinn in Islanders zone.
6:54 of 3rd period - Penalty to Vladimir Tarasenko is over, Vladimir Tarasenko is back on ice.
6:58 of 3rd period - Colton Parayko is hit by Ryan Ellis.
7:12 of 3rd period - Wrist shot by Brock McGinn.
7:12 of 3rd period - Stopped by Frederik Andersen with a rebound.
7:18 of 3rd period - Brayden Schenn is hit by Carson Mcmillan.
7:34 of 3rd period - Wrist shot by Michael Latta.
7:34 of 3rd period - Stopped by Frederik Andersen with a rebound.
7:57 of 3rd period - Off-side.
7:58 of 3rd period - Brandon Sutter wins face-off versus Charlie Coyle in neutral zone.
8:03 of 3rd period - Snap shot by Brandon Sutter.
8:03 of 3rd period - Shot Misses the Net.
9:32 of 3rd period - Colton Parayko is hit by Brayden Schenn and loses puck.
10:12 of 3rd period - Icing by Roland McKeown.
10:13 of 3rd period - Dylan Larkin wins face-off versus Brandon Sutter in Red Wings zone.
10:33 of 3rd period - Roland McKeown is hit by Garnet Hathaway and loses puck.
11:06 of 3rd period - Slapshot by Garnet Hathaway.
11:06 of 3rd period - Stopped by Frederik Andersen with a rebound.
11:08 of 3rd period - Slapshot by Yann Sauvé.
11:08 of 3rd period - Shot Misses the Net.
11:10 of 3rd period - Slapshot by Yann Sauvé.
11:10 of 3rd period - Stopped by Frederik Andersen with a rebound.
11:22 of 3rd period - Slapshot by Kellan Lain.
11:22 of 3rd period - Deflect By Garnet Hathaway.
11:22 of 3rd period - Shot Blocked by Roland McKeown.
11:22 of 3rd period - Puck is out of play.
11:23 of 3rd period - Brayden Schenn wins face-off versus Charlie Coyle in Red Wings zone.
11:34 of 3rd period - Snap shot by David Backes.
11:34 of 3rd period - Stopped by Tyler Weiman without a rebound.
11:35 of 3rd period - Charlie Coyle wins face-off versus Brayden Schenn in Islanders zone.
12:33 of 3rd period - Wrist shot by Carson Mcmillan.
12:33 of 3rd period - Stopped by Tyler Weiman with a rebound.
12:40 of 3rd period - Icing by Nikita Zadorov.
12:41 of 3rd period - Jamie Arniel wins face-off versus Charlie Coyle in Islanders zone.
13:18 of 3rd period - Snap shot by Brandon Sutter.
13:18 of 3rd period - Stopped by Frederik Andersen with a rebound.
13:47 of 3rd period - Nikita Zadorov is hit by Colton Parayko and loses puck.
13:52 of 3rd period - Snap shot by Connor Brown.
13:52 of 3rd period - Shot Blocked by Nikita Zadorov.
14:06 of 3rd period - Snap shot by Brendan Lemieux.
14:06 of 3rd period - Stopped by Tyler Weiman with a rebound.
14:08 of 3rd period - Slapshot by Brendan Lemieux.
14:08 of 3rd period - Shot Blocked by Ryan Ellis.
14:10 of 3rd period - Wrist shot by Brendan Lemieux.
14:10 of 3rd period - Stopped by Tyler Weiman without a rebound.
14:11 of 3rd period - Charlie Coyle wins face-off versus Brayden Schenn in Islanders zone.
14:22 of 3rd period - Wrist shot by Charlie Coyle.
14:22 of 3rd period - Shot Misses the Net.
14:24 of 3rd period - Snap shot by Philip Samuelsson.
14:24 of 3rd period - Goal by Philip Samuelsson - Islanders : 2 - Red Wings : 5.
14:25 of 3rd period - Brayden Schenn wins face-off versus Charlie Coyle in neutral zone.
15:25 of 3rd period - Snap shot by Jake Virtanen.
15:25 of 3rd period - Stopped by Tyler Weiman without a rebound.
15:26 of 3rd period - Brandon Sutter wins face-off versus Charlie Coyle in Islanders zone.
15:31 of 3rd period - Marco Scandella is hit by Kellan Lain and loses puck.
15:38 of 3rd period - Brady Skjei is hit by Charlie Coyle and loses puck.
16:10 of 3rd period - Minor Penalty to Jason Akeson for Interference.
16:11 of 3rd period - Brock McGinn wins face-off versus Dylan Larkin in Islanders zone.
16:45 of 3rd period - Slapshot by Philip Samuelsson.
16:45 of 3rd period - Deflect By David Backes.
16:45 of 3rd period - Stopped by Tyler Weiman with a rebound.
16:47 of 3rd period - Slapshot by Jake Virtanen.
16:47 of 3rd period - Stopped by Tyler Weiman without a rebound.
16:48 of 3rd period - Dylan Larkin wins face-off versus Brayden Schenn in Islanders zone.
16:53 of 3rd period - Wrist shot by Connor Brown.
16:53 of 3rd period - Stopped by Tyler Weiman with a rebound.
17:20 of 3rd period - Slapshot by Hampus Lindholm.
17:20 of 3rd period - Shot Misses the Net.
17:39 of 3rd period - Icing by Brendan Lemieux.
17:40 of 3rd period - Brayden Schenn wins face-off versus Dylan Larkin in Red Wings zone.
17:50 of 3rd period - Off-side.
17:51 of 3rd period - Brandon Sutter wins face-off versus Charlie Coyle in neutral zone.
18:10 of 3rd period - Penalty to Jason Akeson is over, Jason Akeson is back on ice.
18:10 of 3rd period - Ryan Ellis is hit by Dylan Larkin and loses puck.
19:26 of 3rd period - Wrist shot by Brendan Lemieux.
19:26 of 3rd period - Shot Misses the Net.
19:42 of 3rd period - Wrist shot by Garnet Hathaway.
19:42 of 3rd period - Shot Blocked by Carson Mcmillan.
19:44 of 3rd period - Slapshot by Ryan Ellis.
19:44 of 3rd period - Stopped by Frederik Andersen without a rebound.
19:45 of 3rd period - Brandon Sutter wins face-off versus Charlie Coyle in Red Wings zone.
19:48 of 3rd period - Wrist shot by Kellan Lain.
19:48 of 3rd period - Stopped by Frederik Andersen without a rebound.
19:49 of 3rd period - Kellan Lain wins face-off versus Charlie Coyle in Red Wings zone.
Goals for this period are 0 for Islanders vs 1 for Red Wings.
Shots for this period are 8 for Islanders vs 14 for Red Wings.